 Dungeon Crawl Stone Soup version 0.18.1-50-g88ac8fd (webtiles) character file.

8239 go0n the Basher (level 11, -11/108 (111) HPs)
             Began as a Troll Fighter on Sept 14, 2016.
             Was a Believer of Qazlal.
             Mangled by a warg (15 damage)
             ... on level 11 of the Dungeon.
             The game lasted 01:49:10 (7748 turns).

go0n the Basher (Troll Fighter)                     Turns: 7748, Time: 01:49:11

HP:   -11/108 (111) AC:  5    Str: 27    XL:     11   Next: 7%
MP:   0/10          EV:  9    Int:  4    God:    Qazlal [**....]
Gold: 274           SH: 13    Dex:  9    Spells: 0 memorised, 10 levels left

rFire  . . .     SeeInvis .     y - +2 whip (elec)
rCold  . . .     Gourm    +     G - troll hide
rNeg   . . .     Faith    .     c - +0 shield
rPois  .         Spirit   +     (helmet restricted)
rElec  .         Dismiss  .     (no cloak)
rCorr  .         Reflect  .     (gloves unavailable)
SustAt .         Harm     .     (boots unavailable)
MR     .....                    p - amulet of guardian spirit
Stlth  +.........               (no ring)
                                (no ring)

@: not resistant to hostile enchantments, very unstealthy
A: unfitting armour, claws 3, hooves 1, blink, clumsy 1, fast metabolism 3,
gourmand, regeneration 3, screaming 1, shaggy fur 1, tough skin 2, evolution 1
a: Blink, Upheaval, Renounce Religion


You were on level 11 of the Dungeon.
You worshipped Qazlal.
Qazlal was pleased with you.
You were not hungry.

You visited 2 branches of the dungeon, and saw 11 of its levels.

You collected 274 gold pieces.

Inventory:

Hand Weapons
 o - a +3 short sword {scrub bane}
 u - a +1 spear of venom
 w - a +0 giant spiked club of freezing
 x - a +1 dire flail of freezing
 y - a +2 whip of electrocution (weapon)
 H - a +0 dagger of holy wrath
Missiles
 n - 108 bolts (quivered)
 A - 61 arrows
Armour
 a - a +1 robe of magic resistance
 c - a +0 shield (worn)
 G - a troll hide (worn)
Jewellery
 g - an uncursed amulet of regeneration
 m - an uncursed amulet of the gourmand
 p - an amulet of guardian spirit (around neck)
 F - an uncursed amulet of magic regeneration
Wands
 D - a wand of paralysis (4/24)
 J - a wand of paralysis (11/24)
Scrolls
 d - a scroll of brand weapon
 e - 3 scrolls of remove curse
 i - a scroll of teleportation
 j - a scroll of recharging
 k - 3 scrolls of identify
 r - a scroll of amnesia
Potions
 h - a potion of agility {unknown}
 s - 2 potions of lignification
 v - 3 potions of curing
 z - a potion of brilliance {unknown}
 B - a potion of resistance
 C - a potion of invisibility {unknown}
Books
 q - a book of Flames

   Spells                             Type                      Level
   a - Flame Tongue                   Conjuration/Fire             1
   b - Throw Flame                    Conjuration/Fire             2
   c - Conjure Flame                  Conjuration/Fire             3
   d - Inner Flame                    Hexes/Fire                   3
   e - Sticky Flame                   Conjuration/Fire             4
   f - Fireball                       Conjuration/Fire             5
 E - a book of Alchemy

   Spells                             Type                      Level
   a - Sublimation of Blood           Necromancy                   2
   b - Ignite Poison                  Fire/Transmutation/Poison    3
   c - Petrify                        Transmutation/Earth          4
   d - Alistair's Intoxication        Transmutation/Poison         5
   e - Irradiate                      Conjuration/Transmutation    5
Comestibles
 b - a slice of pizza
 f - 3 bread rations
 l - 3 fruits
 t - a beef jerky
 I - 5 chunks of flesh


   Skills:
 + Level 8.1 Fighting
 - Level 5.5 Short Blades
 * Level 10.1 Maces & Flails
 - Level 4.2 Dodging
 - Level 0.3 Stealth
 - Level 5.0 Shields


You had 10 spell levels left.
You didn't know any spells.

Dungeon Overview and Level Annotations

Branches:
Dungeon (11/15)            Temple (1/1) D:6
   Lair: D:8-11         Orc: D:9-12

Altars:
Ashenzari
Gozag
Nemelex Xobeh
Okawaru
Pakellas
Qazlal
Ru
Sif Muna
Trog
Vehumet
Xom

Shops:
D:11 :


Innate Abilities, Weirdness & Mutations

You are too large for most types of armour.
You have claws for hands.
Your metabolism is lightning-fast.
You like to eat raw meat.
You regenerate.
You are covered in fur (AC +1).
You have very tough skin (AC +2).
You have large cloven feet.
You can translocate small distances at will.
You are clumsy. (Dex -2)
You occasionally shout uncontrollably at your foes.
You evolve.


Message History

A warg comes into view.
You shout at the warg!
The warg howls!
A warg comes into view.
The warg howls!
The warg bites you!
* * * LOW HITPOINT WARNING * * *
You shout at the warg!
A warg comes into view.
You offer a prayer to Qazlal.
Qazlal is pleased with you.
You blink.
Splash!
You fall into the shallow water.
Moving in this stuff is going to be slow.
You feel slightly more hungry.
A warg comes into view.
The warg howls!
The warg bites you!
You die...

###################
..h....§h..........
≈≈≈≈≈≈≈≈≈≈≈≈≈≈h≈≈≈≈
≈≈≈≈≈≈≈≈≈hh≈≈≈≈≈≈≈≈
≈≈≈≈≈≈≈≈≈≈h@≈≈≈≈≈≈≈
..........hh....P..
..................P
###################


You could see 7 wargs.

Vanquished Creatures
  Erolcha (D:8)
  Erica (D:8)
  Pikel (D:7)
  A hill giant (D:10)
  A gargoyle (D:10)
  Grinder (D:6)
  A troll (D:9)
  A two-headed ogre (D:9)
  Sigmund (D:4)
  3 wyverns
  A hungry ghost (D:8)
  Menkaure (D:4)
  A soldier ant (D:11)
  2 orc warriors
  3 sky beasts
  2 black bears
  3 ogres
  4 necrophages
  A phantom (D:9)
  3 centaurs
  4 big kobolds
  4 giant frogs
  A gnoll sergeant (D:10)
  A wyvern zombie (D:6)
  4 scorpions
  9 wights
  2 howler monkeys
  4 crimson imps
  A quasit (D:8)
  2 centaur skeletons
  3 giant frog zombies
  A giant frog skeleton (D:6)
  8 hounds
  A jelly (D:6)
  3 orc priests
  2 iguanas
  4 orc wizards
  9 worker ants
  A hound zombie (D:9)
  2 mummies (D:9)
  5 gnolls
  7 adders
  An adder zombie (D:5)
  2 adder skeletons
  3 worms (D:2)
  3 dart slugs
  2 giant geckos
  18 orcs
  5 bats
  2 giant cockroaches
  3 goblins
  5 hobgoblins
  4 jackals
  20 kobolds
  4 quokkas
  A ball python zombie (D:5)
  3 giant newts
  8 rats
  A bush (Temple)
  A plant (Temple)
  2 withered plants (D:9)
199 creatures vanquished.

Vanquished Creatures (others)
  An orc wizard (D:7)
  An orc (D:5)
2 creatures vanquished.

Grand Total: 201 creatures vanquished

Notes
Turn   | Place    | Note
--------------------------------------------------------------
     0 | D:1      | go0n the Troll Fighter began the quest for the Orb.
     0 | D:1      | Reached XP level 1. HP: 22/22 MP: 0/0
   160 | D:1      | Reached XP level 2. HP: 22/29 MP: 1/1
   872 | D:2      | Reached XP level 3. HP: 26/36 MP: 0/2
   921 | D:2      | Found a deep blue altar of Sif Muna.
  1183 | D:2      | Found a sacrificial altar of Ru.
  1204 | D:2      | Reached XP level 4. HP: 27/44 MP: 1/3
  1296 | D:2      | You fall through a shaft for 2 floors!
  1425 | D:4      | Reached skill level 1 in Short Blades
  1520 | D:4      | Noticed Menkaure
  1520 | D:4      | Reached XP level 5. HP: 49/52 MP: 4/4
  1529 | D:4      | Killed Menkaure
  1529 | D:4      | Reached XP level 6. HP: 59/61 MP: 5/5
  1567 | D:4      | Noticed Sigmund
  1604 | D:4      | Killed Sigmund
  1759 | D:4      | Reached XP level 7. HP: 63/67 MP: 6/6
  2002 | D:5      | Entered Level 5 of the Dungeon
  2815 | D:6      | Found a staircase to the Ecumenical Temple.
  2817 | D:6      | Noticed Grinder
  2854 | D:6      | Paralysed by Grinder for 7 turns
  2864 | D:6      | Killed Grinder
  2864 | D:6      | Reached XP level 8. HP: 61/78 MP: 4/7
  2922 | Temple   | Entered the Ecumenical Temple
  3074 | Temple   | Became a worshipper of Qazlal Stormbringer
  3332 | D:6      | Reached skill level 5 in Short Blades
  3613 | D:6      | Reached skill level 5 in Shields
  3619 | D:6      | Gained mutation: You are clumsy. (Dex -2) [mutagenic meat]
  3620 | D:6      | Gained mutation: You regenerate. [mutagenic meat]
  3621 | D:6      | Gained mutation: You can translocate small distances at will. [mutagenic meat]
  3622 | D:6      | Gained mutation: You evolve. [mutagenic meat]
  4122 | D:6      | Reached skill level 2 in Maces & Flails
  4226 | D:7      | Reached skill level 5 in Fighting
  4265 | D:7      | Reached skill level 3 in Maces & Flails
  4583 | D:7      | Noticed Pikel
  4692 | D:7      | Killed Pikel
  4692 | D:7      | Reached skill level 4 in Maces & Flails
  4692 | D:7      | Reached XP level 9. HP: 65/88 MP: 5/8
  4819 | D:7      | Gained mutation: You occasionally shout uncontrollably at your foes. [evolution]
  4951 | D:8      | Reached skill level 5 in Maces & Flails
  5044 | D:8      | Reached * piety under Qazlal
  5240 | D:8      | Noticed Erolcha
  5250 | D:8      | Paralysed by Erolcha for 6 turns
  5263 | D:8      | Killed Erolcha
  5263 | D:8      | Reached skill level 7 in Maces & Flails
  5273 | D:8      | Noticed Erica
  5284 | D:8      | Killed Erica
  5284 | D:8      | Reached XP level 10. HP: 97/100 MP: 9/9
  5875 | D:8      | Reached skill level 8 in Maces & Flails
  6013 | D:9      | Found a sparkling altar of Nemelex Xobeh.
  6388 | D:9      | Reached ** piety under Qazlal
  6441 | D:9      | Reached skill level 9 in Maces & Flails
  6877 | D:9      | Found a bloodstained altar of Trog.
  6878 | D:9      | Found an iron altar of Okawaru.
  7119 | D:10     | Entered Level 10 of the Dungeon
  7228 | D:10     | Noticed a hill giant
  7228 | D:10     | Gained mutation: You have large cloven feet. [evolution]
  7241 | D:10     | Killed a hill giant
  7494 | D:10     | Reached *** piety under Qazlal
  7494 | D:10     | Reached skill level 10 in Maces & Flails
  7494 | D:10     | Reached XP level 11. HP: 97/108 MP: 7/10
  7729 | D:11     | Found Riesh's Book Emporium.
  7748 | D:11     | Mangled by a warg

Skill      XL: |  1  2  3  4  5  6  7  8  9 10 |
---------------+-------------------------------+-----
Dodging        | 3 4 |  4.2
Shields        | 3 4 5 |  5.0
Short Blades   | 1 2 4 5 |  5.5
Fighting       | 3 4 5 6 8 |  8.1
Maces & Flails | 4 7 10 | 10.1
Stealth        | |  0.3

Action                   |  1- 3 |  4- 6 |  7- 9 | 10-12 || total
-------------------------+-------+-------+-------+-------++-------
Melee: Flail             |    43 |       |       |       ||    43
       Short sword       |    81 |    99 |   469 |       ||   649
       Giant spiked club |       |       |    44 |       ||    44
       Whip              |       |       |   104 |   404 ||   508
       Kick              |       |       |       |    33 ||    33
 Fire: Shortbow          |       |       |     1 |       ||     1
Invok: Upheaval          |       |       |       |     1 ||     1
 Abil: Blink             |       |       |     5 |     2 ||     7
  Use: Potion            |     1 |       |     5 |     1 ||     7
       Scroll            |       |     1 |     6 |    14 ||    21
 Stab: Paralysed         |     1 |       |       |       ||     1
  Eat: Chunk             |     6 |     6 |    12 |    21 ||    45
       Fruit             |     4 |       |     4 |       ||     8
       Beef jerky        |       |     1 |       |       ||     1
       Pizza             |       |       |     2 |       ||     2
       Meat ration       |       |       |     1 |     1 ||     2
       Bread ration      |       |       |     3 |     1 ||     4
       Royal jelly       |       |       |       |     1 ||     1
Armor: Robe              |    44 |    12 |    99 |    34 ||   189
       Skin              |       |     4 |    16 |       ||    20
       Troll hide        |       |       |       |    24 ||    24
Dodge: Dodged            |    44 |    27 |   173 |   112 ||   356
Block: Shield            |    64 |    36 |   161 |   223 ||   484
